AoeStats
← ElverGun4U

Migration

508243107Analyzed
1v1 RM · 10d ago on Sep 21, 2026· 83m 25s· 2 players
Game mode
Random Map
Map size
132×132
Population
200
Speed
Normal
Resources
Standard
Victory
Conquest
Starting age
Dark Age
Ending age
Imperial Age
RankedLock teamsTeams togetherTeam positionsShared explorationLock speedFull tech treeHidden civsTurbo modeCheats
Victory
Defeat
🇬🇧 Malay · United Kingdom
740
+17
🇨🇴 Persians · Colombia
764
-17
jones3adz
9:44 Feudal Age
9:36 Double-Bit Axe
18:12 Loom
20:30 Castle Age
19:16 Loom
26:34 Town Watch
27:25 Wheelbarrow
31:48 Forging
31:45 Scale Barding Armor
35:17 Imperial Age
33:07 Medium Warships
34:44 Iron Casting
41:26 Fishing Lines
42:28 Conscription
42:39 Pikeman
43:21 Squires
43:07 Arson
44:26 Blast Furnace
43:17 Fletching
43:29 Padded Archer Armor
43:46 Halberdier
43:52 Elite Skirmisher
46:53 Town Patrol
47:16 Hand Cart
47:20 Bodkin Arrow
47:40 Leather Archer Armor
49:57 Horse Collar
51:45 Elite Karambit Warrior
53:05 Ring Archer Armor
57:41 Thumb Ring
62:16 Bracer
62:46 Ballistics
63:26 Chemistry
78:29 Thalassocracy
ElverGun4U
5:02 Loom
12:16 Feudal Age
13:07 Double-Bit Axe
17:45 Wheelbarrow
20:29 Castle Age
20:26 Fletching
20:33 Pikeman
21:28 Forging
21:14 Bodkin Arrow
20:53 Crossbowman
22:24 Thumb Ring
23:48 Iron Casting
24:32 Hand Cart
26:25 Kamandaran
29:15 Squires
29:24 Scale Mail Armor
34:20 Chain Mail Armor
35:36 Ballistics
39:09 Horse Collar
41:01 Scale Barding Armor
45:10 Imperial Age
44:32 Bow Saw
45:52 Conscription
47:55 Blast Furnace
47:28 Plate Mail Armor
47:19 Chain Barding Armor
48:03 Halberdier
48:56 Elite War Elephant
52:57 Chemistry
52:00 Padded Archer Armor
52:36 Plate Barding Armor
54:19 Leather Archer Armor
56:36 Hoardings
69:20 Masonry
Connection lost

Rejoining the realm…

Still unreachable

The connection could not be restored.

Session expired

The server has moved on; the page needs a fresh start.